 Dungeon Crawl Stone Soup version 0.31-a0-180-g519b7de00c (webtiles) character file.

Game seed: 15034297009318044990

56 qw the Chopper (level 3, 0/23 HPs)
             Began as a Gargoyle Fighter on June 19, 2023.
             Slain by a goblin
             ... wielding a +0 club
             ... led by Robin
              (1 damage)
             ... on level 3 of the Dungeon.
             The game lasted 00:00:56 (1557 turns).

qw the Chopper (Gargoyle Fighter)                   Turns: 1557, Time: 00:00:57

Health: 0/23       AC:  0    Str: 21    XL:     3   Next: 95%
Magic:  3/3        EV: 17    Int:  8    God:
Gold:   31         SH:  0    Dex: 14    Spells: 2/2 levels left

rFire   . . .        Y - melded +0 war axe
rCold   . . .        c - melded +0 buckler
rNeg    + . .        b - melded +0 scale mail
rPois   inf          (helmet currently unavailable)
rElec   .            (cloak currently unavailable)
rCorr   .            (gloves currently unavailable)
SInv    .            (boots currently unavailable)
Will    .....        (no amulet)
Stlth   +            (ring currently unavailable)
HPRegen 0.23/turn    (ring currently unavailable)
MPRegen 0.08/turn

%: no passive effects
@: about to teleport, bat-form, flying, very quick
A: fast, flying, no casting, sickness immunity, AC +3, tiny, negative energy
resistance 1, (electricity resistance), torment resistance 1, petrification
resistance
a: no special abilities


You were on level 3 of the Dungeon.
You were a bat.
You visited 1 branch of the dungeon, and saw 3 of its levels.

You collected 90 gold pieces.
You spent 59 gold pieces at shops.


Innate Abilities, Weirdness & Mutations

You are a bat.
You are tiny and dextrous.
You move quickly.
You are flying.
Your equipment is almost entirely melded.
You are incapable of wielding weapons or throwing items.
You cannot cast spells.
You are immune to sickness and miasma.
((Your stone body is resilient. (AC +3)))
You are immune to poison.
You resist negative energy. (rN+)
((You are resistant to electric shocks. (rElec)))
You are resistant to unholy torment.
You are immune to petrification.


   Skills:
 - Level 3.2 Fighting
 + Level 3.7 Axes
 - Level 3.2 Armour
 - Level 3.2 Shields


You had 2 spell levels left.
You didn't know any spells.
Your spell library was empty.

Inventory:

Hand Weapons
 e - a +0 mace
 Y - a +0 war axe (melded)
Armour
 b - a +0 scale mail (melded)
 c - a +0 buckler (melded)
Scrolls
 a - a scroll of teleportation
 f - 2 scrolls of identify
Potions
 d - a potion of might
 g - 2 potions of haste
 h - a potion of mutation {unknown}
 i - 3 potions of lignification {unknown}
 j - a potion of curing {unknown}

Dungeon Overview and Level Annotations

Branches:
Dungeon (3/15)

Altars:

Shops:
D:1 :   D:2 (*?   D:3 [

Annotations:
D:3 Robin


Message History

The goblin hits you with a +0 dagger. The goblin closely misses you.
The goblin hits you with a +0 dagger. You block the goblin's attack.
The goblin hits you but does no damage. You block the goblin's attack.
Robin says, "Kneel, worm!"
The goblin hits you with a +0 club. You block the goblin's attack.
The goblin hits you but does no damage.
You slash the goblin!
You kill the goblin!
You hit the goblin. x2
You kill the goblin!
You barely miss the goblin. You hit the goblin but do no damage.
The goblin barely misses you. The goblin hits you with a +0 dagger.
The goblin hits you but does no damage.
You barely miss the goblin.
The goblin is heavily wounded.
You slash the goblin!
You kill the goblin!
You hit the goblin.
You kill the goblin!
You slash the hobgoblin!
You kill the hobgoblin!
You hit the goblin.
Robin zaps a wand.
You turn into a bat.
Your +0 war axe melds into your body.
Your +0 buckler melds into your body.
Your +0 scale mail melds into your body.
The goblin closely misses you. x2
You hit the goblin.
The goblin is severely wounded.
The goblin completely misses you. The rat completely misses you.
The goblin hits you with a +0 club. x2
You barely miss the goblin.
The goblin is severely wounded.
The goblin completely misses you. The rat bites you.
The goblin closely misses you. x2
1557 ||| READING 2 scrolls of teleportation.
As you read the scroll of teleportation, it crumbles to dust.
You feel strangely unstable. The goblin hits you with a +0 club.
The rat closely misses you. The goblin completely misses you.
The goblin hits you with a +0 club.
You die...

........#......#####.....
........####.....####....
###.###.............#....
#.....###......##.[\...
#####.# ##............. .
#.## #..#.r.#...... ...
#..# #..##?........
#.)##)##...###.##.....
#...gb#.... #.###.###
#....ggrg.....#.# #.#
#......g.......... #.#
#...............## ..
#......>.......
#..............
#..............
#..............


You could see Robin, 4 goblins and a rat.

Vanquished Creatures
  2 worms (D:2)
  A dart slug (D:1)
  An endoplasm (D:2)
  A giant cockroach (D:2)
  8 goblins
  7 hobgoblins
  6 jackals
  6 kobolds
  A quokka (D:2)
  2 ball pythons (D:1)
  2 bats
  A frilled lizard (D:1)
  3 rats
41 creatures vanquished.

Notes
Turn   | Place    | Note
-------+----------+-------------------------------------------
     0 | D:1      | qw the Gargoyle Fighter began the quest for the Orb.
     0 | D:1      | Reached XP level 1. HP: 14/14 MP: 1/1
     0 | D:1      | 0 ||| qw: Version: 0.3-a-7-ge0c9b40
     0 | D:1      | 0 ||| qw: Game counter: 1009
     0 | D:1      | 0 ||| qw: Always use a shield: true
     0 | D:1      | 0 ||| qw: God list: Okawaru
     0 | D:1      | 0 ||| qw: Allow faded altars: false
     0 | D:1      | 0 ||| qw: Do Orc after D:15 true
     0 | D:1      | 0 ||| qw: Do second Lair branch before Depths: true
     0 | D:1      | 0 ||| qw: Lair rune preference: random
     0 | D:1      | 0 ||| qw: Plans: Normal, Zot:1-4, Slime:5, God:TSO, Crypt,
                  | Tomb, Abyss, Pan, Hells, Win
     0 | D:1      | 0 ||| PLANNING D:1-11
    87 | D:1      | Found Piatogg's Vocational Training.
   117 | D:1      | 117 ||| Stepping ~*~*~tactically~*~*~ (stealth).
   119 | D:1      | 119 ||| Stepping ~*~*~tactically~*~*~ (stealth).
   121 | D:1      | 121 ||| Stepping ~*~*~tactically~*~*~ (hiding).
   177 | D:1      | Reached XP level 2. HP: 15/19 MP: 2/2
   204 | D:1      | Found a faded altar of an unknown god.
   446 | D:1      | Reached skill level 3 in Axes
   631 | D:1      | 631 ||| READING scroll labelled EGUJOGY UCYLID.
   632 | D:1      | 632 ||| READING scroll labelled UKHLE ONKODOEZ.
   641 | D:1      | 641 ||| READING scroll labelled MEWNU OSOUR.
   642 | D:1      | 642 ||| READING scroll labelled UPLUAT VAXALO.
   667 | D:2      | Reached XP level 3. HP: 23/23 MP: 3/3
   679 | D:2      | 679 ||| Stepping ~*~*~tactically~*~*~ (hiding).
   815 | D:2      | Found Tabuohovuph's Weapon Shoppe.
   819 | D:2      | 819 ||| BUYING +0 mace (33 gold).
   819 | D:2      | Bought a +0 mace for 33 gold pieces
   819 | D:2      | 819 ||| SHOPLISTING +3 mace (220 gold, have 13).
   819 | D:2      | 819 ||| DROPPING +0 club.
   855 | D:2      | 855 ||| Stepping ~*~*~tactically~*~*~ (stealth).
   875 | D:2      | 875 ||| Stepping ~*~*~tactically~*~*~ (hiding).
   876 | D:2      | 876 ||| Stepping ~*~*~tactically~*~*~ (hiding).
   880 | D:2      | 880 ||| Stepping ~*~*~tactically~*~*~ (hiding).
   908 | D:2      | 908 ||| Stepping ~*~*~tactically~*~*~ (stealth).
  1070 | D:2      | Found Qaymach's Magic Scroll Emporium.
  1081 | D:2      | 1081 ||| BUYING scroll of identify (26 gold).
  1081 | D:2      | Bought a scroll of identify for 26 gold pieces
  1081 | D:2      | 1081 ||| SHOPLISTING scroll of identify (26 gold, have 9).
  1081 | D:2      | 1081 ||| SHOPLISTING scroll of teleportation (39 gold, have
                  | 9).
  1155 | D:2      | Found Lelurequ's General Store.
  1170 | D:2      | 1170 ||| SHOPLISTING potion of magic (80 gold, have 9).
  1382 | D:2      | 1382 ||| READING 2 scrolls labelled BYSTRE UTOXAST.
  1387 | D:2      | 1387 ||| DRINKING 3 red potions.
  1431 | D:3      | 1431 ||| Stepping ~*~*~tactically~*~*~ (stealth).
  1440 | D:3      | 1440 ||| Stepping ~*~*~tactically~*~*~ (stealth).
  1518 | D:3      | Found Zuolauxa's Armour Emporium.
  1527 | D:3      | 1527 ||| SHOPLISTING +2 chain mail of cold resistance (301
                  | gold, have 23).
  1527 | D:3      | 1527 ||| SHOPLISTING +3 scale mail of willpower (364 gold,
                  | have 23).
  1538 | D:3      | 1538 ||| Stepping ~*~*~tactically~*~*~ (stealth).
  1539 | D:3      | 1539 ||| Stepping ~*~*~tactically~*~*~ (stealth).
  1548 | D:3      | Noticed Robin
  1556 | D:3      | HP: 5/23 [rat (3)]
  1557 | D:3      | 1557 ||| READING 2 scrolls of teleportation.
  1557 | D:3      | HP: 1/23 [goblin/+0 club[Robin] (4)]
  1557 | D:3      | Slain by a goblin

Levels and vault maps discovered:
D:1:      heliophobic_arrival_henge, layout_basic,
          chequers_ecumenical_altar_simple, nicolae_shop_vocational
D:2:      layout_loops_ring, serial_shops, nicolae_shop_hallway_stairs,
          shop_statue, nicolae_shop_gibbet_a_chance, serial_glass,
          glass_columns_a, glass_columns_a
D:3:      layout_rooms, serial_shops, shop, hangedman_decor_riveting, uniq_robin

Skill      XL: |  1  2 |
---------------+-------+-----
Axes           | 2 3 |  3.7
Fighting       | |  3.2
Armour         | |  3.2
Shields        | |  3.2

Action                     || total
---------------------------++-------
  Melee: War axe           ||   133
         Unarmed           ||     2
    Use: Scroll            ||     6
         Potion            ||     1
 Armour: Scale mail        ||    72
  Dodge: Dodged            ||    77
  Block: Buckler           ||    29

Table legend:
 A = Non-vault XP
 B = Vault XP
 C = Vault XP percentage of total XP
 D = Non-vault monster count
 E = Vault monster count
 F = Vault count percentage of total count
                 A         B        C        D         E       F
            +---------+---------+-------+---------+---------+-------
      Total |      70 |      10 |  12.5 |      36 |       5 |  12.2
            +---------+---------+-------+---------+---------+-------
        D:1 |      32 |       0 |   0.0 |      17 |       0 |   0.0
        D:2 |      27 |       0 |   0.0 |      13 |       0 |   0.0
        D:3 |      11 |      10 |  47.6 |       6 |       5 |  45.5
            +---------+---------+-------+---------+---------+-------
